[Event "7th Cesme Open-B 2019"]
[Site "Cesme"]
[Date "2019.06.24"]
[Round "1"]
[White "Yucesoy, Atil"]
[Black "Mermer, Yunus"]
[Result "1-0"]
[ECO "D02"]
[WhiteElo "1861"]
[BlackElo "1479"]
[Annotator "NA"]
[PlyCount "99"]
[EventDate "2019.06.24"]
[EventType "swiss"]
[EventCountry "TUR"]
[SourceTitle "playchess.com"]
[Source "ChessBase"]
[SourceQuality "1"]
[TimeControl "5400+30"]

1. d4 d5 2. Bf4 Bf5 3. e3 e6 4. Nf3 Nf6 5. Bd3 Bg6 6. Ne5 Bd6 7. c4 c6 8. Qb3 b6 9. c5 Bc7 10. Nxc6 Nxc6 11. Bb5 O-O 12. Bxc6 Rc8 13. Bb7 Rb8 14. Bxc7 Qxc7 15. c6 Ne4 16. Nc3 Nxc3 17. Qxc3 f5 18. f4 Be8 19. O-O h6 20. Rfc1 g5 21. g3 Kh7 22. Qa3 Rg8 23. Qxa7 gxf4 24. Qxb8 Qxb8 25. c7 Qxb7 26. c8=Q Qxc8 27. Rxc8 fxg3 28. hxg3 Rxg3+ 29. Kf2 Rg8 30. Rac1 h5 31. R1c7+ Kg6 32. Re7 Bf7 33. Rxg8+ Bxg8 34. Kg3 Bf7 35. Rb7 b5 36. Rxb5 Kg5 37. a4 h4+ 38. Kh3 Bh5 39. a5 Bg4+ 40. Kh2 f4 41. exf4+ Kxf4 42. a6 e5 43. a7 e4 44. a8=Q e3 45. Qxd5 e2 46. Qe5+ Kf3 47. Rb3+ Kf2 48. Qf4+ Ke1 49. Kg1 h3 50. Qc1# 1-0

[Event "7th Cesme Open-B 2019"]
[Site "Cesme"]
[Date "2019.06.24"]
[Round "1"]
[White "Temel, Burcu Melis"]
[Black "Sakmak, Kutay"]
[Result "1/2-1/2"]
[ECO "A05"]
[WhiteElo "1815"]
[BlackElo "1355"]
[Annotator "NA"]
[PlyCount "60"]
[EventDate "2019.06.24"]
[EventType "swiss"]
[EventCountry "TUR"]
[SourceTitle "playchess.com"]
[Source "ChessBase"]
[SourceQuality "1"]
[TimeControl "5400+30"]

1. e4 c5 2. Nf3 g6 3. d3 Bg7 4. g3 Nc6 5. Bg2 Nf6 6. O-O d6 7. c3 O-O 8. Nbd2 Qb6 9. Nc4 Qc7 10. a4 Be6 11. Nfd2 Rfd8 12. Qe2 d5 13. exd5 Bxd5 14. Ne4 Bxc4 15. dxc4 Nxe4 16. Bxe4 Rac8 17. Be3 b6 18. f4 Rd6 19. f5 Qd7 20. Bf4 e5 21. fxe6 Rxe6 22. Qg2 Rce8 23. Bd5 Re2 24. Qf3 Qh3 25. g4 Qxf3 26. Rxf3 Nd8 27. Rd1 Rxb2 28. Bg5 Ne6 29. Bxe6 fxe6 30. Rd7 Rf8 1/2-1/2

[Event "7th Cesme Open-B 2019"]
[Site "Cesme"]
[Date "2019.06.25"]
[Round "2"]
[White "Ozcan, Kadir Kutay"]
[Black "Guleryuz, Kuzey"]
[Result "1-0"]
[ECO "B23"]
[WhiteElo "1820"]
[BlackElo "1435"]
[Annotator "NA"]
[PlyCount "89"]
[EventDate "2019.06.24"]
[EventType "swiss"]
[EventCountry "TUR"]
[SourceTitle "playchess.com"]
[Source "ChessBase"]
[SourceQuality "1"]
[TimeControl "5400+30"]

1. e4 c5 2. Nc3 Nc6 3. Bb5 Nd4 4. Nf3 Nxb5 5. Nxb5 a6 6. Nc3 d6 7. h3 Nf6 8. d3 e6 9. Bg5 Be7 10. Qd2 b5 11. O-O Bb7 12. Qe2 O-O 13. Nd1 h6 14. Bd2 Nd7 15. Nh2 Ne5 16. f4 Nc6 17. c3 a5 18. Ne3 Ba6 19. f5 b4 20. c4 Nd4 21. Qg4 Bc8 22. Nf3 Bf6 23. Rab1 a4 24. Kh1 Ne2 25. Nh2 Nd4 26. Qh5 Bg5 27. Rbd1 Kh7 28. Rde1 exf5 29. h4 Bxh4 30. Nxf5 Nxf5 31. exf5 Bxe1 32. Rxe1 Qf6 33. Rf1 Qxb2 34. Bc1 Qc2 35. f6 Bb7 36. Qh3 Bxg2+ 37. Qxg2 Qxg2+ 38. Kxg2 b3 39. fxg7 Kxg7 40. Ng4 Rfb8 41. Bxh6+ Kg6 42. Rf6+ Kh5 43. Kh3 Rg8 44. Bd2 Rh8 45. Kg3 1-0

[Event "7th Cesme Open-B 2019"]
[Site "Cesme"]
[Date "2019.06.25"]
[Round "2"]
[White "Yenil, Mucahit"]
[Black "Kayis, Gulcan Sena"]
[Result "0-1"]
[ECO "B27"]
[WhiteElo "1813"]
[BlackElo "1569"]
[Annotator "NA"]
[PlyCount "118"]
[EventDate "2019.06.24"]
[EventType "swiss"]
[EventCountry "TUR"]
[SourceTitle "playchess.com"]
[Source "ChessBase"]
[SourceQuality "1"]
[TimeControl "5400+30"]

1. e4 c5 2. d4 cxd4 3. Nf3 g6 4. c3 Bg7 5. cxd4 d5 6. e5 Bg4 7. Nc3 Nc6 8. Qb3 Bxf3 9. gxf3 Nxd4 10. Qa4+ Nc6 11. f4 Nh6 12. Qb5 O-O 13. Qxd5 Qb6 14. Bg2 Rfd8 15. Qe4 Rd4 16. Qe2 Nf5 17. O-O Rad8 18. Be4 R4d7 19. Bxf5 Nd4 20. Bxd7 Nxe2+ 21. Nxe2 Rxd7 22. b3 Qb5 23. Ng3 h5 24. Be3 Qd3 25. Rad1 Qxd1 26. Rxd1 Rxd1+ 27. Kg2 b6 28. Ne4 Ra1 29. a4 Rb1 30. Nd2 Rb2 31. Kf3 e6 32. Ke2 Bf8 33. Bd4 Ra2 34. Bc3 a5 35. Kd3 Bb4 36. Bxb4 axb4 37. Ne4 Kf8 38. Kc4 Re2 39. Nf6 Rxf2 40. Nd7+ Ke7 41. Nxb6 Rxh2 42. Nc8+ Kd7 43. Nd6 Rf2 44. a5 Rxf4+ 45. Kb5 h4 46. a6 Rf2 47. Ne4 Ra2 48. Kb6 h3 49. a7 h2 50. Ng3 Kc8 51. Nh1 g5 52. Ng3 g4 53. Nh1 Ra1 54. Ng3 Rxa7 55. Kxa7 Kc7 56. Ka6 Kc6 57. Ka5 Kd5 58. Kxb4 Kxe5 59. Ka5 Kf4 0-1

[Event "7th Cesme Open-B 2019"]
[Site "Cesme"]
[Date "2019.06.25"]
[Round "2"]
[White "Kocakaplan, Emre"]
[Black "Ozates, Veysel"]
[Result "1-0"]
[ECO "A06"]
[WhiteElo "1718"]
[BlackElo "1606"]
[Annotator "NA"]
[PlyCount "75"]
[EventDate "2019.06.24"]
[EventType "swiss"]
[EventCountry "TUR"]
[SourceTitle "playchess.com"]
[Source "ChessBase"]
[SourceQuality "1"]
[TimeControl "5400+30"]

1. Nf3 Nf6 2. e3 d5 3. b3 Bg4 4. Bb2 Nbd7 5. d4 e6 6. Be2 Bb4+ 7. Nbd2 O-O 8. O-O Rc8 9. a3 Be7 10. c4 c6 11. c5 a5 12. b4 b5 13. Ne5 Bxe2 14. Qxe2 Nxe5 15. dxe5 Nd7 16. Qg4 Re8 17. f4 f5 18. Qh3 a4 19. Nf3 Rc7 20. Nd4 Bf8 21. g4 g6 22. Kh1 Bg7 23. Rg1 Nf8 24. Rg2 Qe7 25. Rag1 Qd8 26. gxf5 exf5 27. Qg3 Ne6 28. Nf3 Rf7 29. h4 Kh8 30. h5 gxh5 31. Qh3 Ree7 32. Qxh5 Qf8 33. Rh2 h6 34. Nh4 Kh7 35. Ng6 Qe8 36. Nxe7 Qxe7 37. Qg6+ Kh8 38. Rxh6+ 1-0

[Event "7th Cesme Open-B 2019"]
[Site "Cesme"]
[Date "2019.06.25"]
[Round "2"]
[White "Ugur, Cem"]
[Black "Yucesoy, Atil"]
[Result "1-0"]
[ECO "B01"]
[WhiteElo "1623"]
[BlackElo "1861"]
[Annotator "NA"]
[PlyCount "77"]
[EventDate "2019.06.24"]
[EventType "swiss"]
[EventCountry "TUR"]
[SourceTitle "playchess.com"]
[Source "ChessBase"]
[SourceQuality "1"]
[TimeControl "5400+30"]

1. e4 d5 2. exd5 Qxd5 3. Nc3 Qd6 4. d4 Nf6 5. Nf3 Bg4 6. Nb5 Qb6 7. c4 c6 8. Nc3 e6 9. Qb3 Qxb3 10. axb3 Na6 11. Be3 Nb4 12. O-O-O Bf5 13. Ne1 O-O-O 14. Nd3 Ng4 15. Nxb4 Bxb4 16. Bd3 Bxd3 17. Rxd3 f5 18. h3 Ne5 19. Rdd1 Ng6 20. d5 exd5 21. cxd5 c5 22. Bg5 Rd7 23. Rhe1 h6 24. Re6 hxg5 25. Rxg6 Rh5 26. Nb5 g4 27. Nxa7+ Kb8 28. Nb5 gxh3 29. gxh3 Rxh3 30. Re6 Ba5 31. Re8+ Bd8 32. Kc2 Rf3 33. d6 Rxf2+ 34. Kc3 Rf4 35. Rg1 Rb4 36. Rxg7 Re4 37. Rf8 Kc8 38. Na7+ Kb8 39. Rxd7 1-0

[Event "7th Cesme Open-B 2019"]
[Site "Cesme"]
[Date "2019.06.25"]
[Round "3"]
[White "Gumustas, Ilgaz"]
[Black "Acikgoz, Kagan Kerem"]
[Result "1/2-1/2"]
[ECO "B31"]
[WhiteElo "1707"]
[BlackElo "1814"]
[Annotator "NA"]
[PlyCount "163"]
[EventDate "2019.06.24"]
[EventType "swiss"]
[EventCountry "TUR"]
[SourceTitle "playchess.com"]
[Source "ChessBase"]
[SourceQuality "1"]
[TimeControl "5400+30"]

1. e4 c5 2. Nf3 Nc6 3. Bb5 g6 4. Bxc6 dxc6 5. d3 Bg7 6. h3 Nf6 7. O-O O-O 8. Nc3 b6 9. Be3 e5 10. Qd2 Qd6 11. Bh6 a5 12. Bxg7 Kxg7 13. Qg5 Re8 14. Nd2 h6 15. Nc4 Qc7 16. Qe3 Nh5 17. Ne2 Nf4 18. Nxf4 exf4 19. Qf3 b5 20. Nd2 Qe5 21. c3 a4 22. a3 Be6 23. Kh2 Rad8 24. Rad1 Qd6 25. Nb1 Bb3 26. Rd2 Qf6 27. g3 fxg3+ 28. Qxg3 c4 29. dxc4 Bxc4 30. Re1 Bd3 31. f3 Bxb1 32. Rxd8 Rxd8 33. Rxb1 Rd2+ 34. Kg1 Qe6 35. Qf4 Rc2 36. Rd1 Qxh3 37. Rd2 Rc1+ 38. Kf2 Qh1 39. Ke3 Qg1+ 40. Kd3 Qf1+ 41. Kd4 Qc4+ 42. Ke3 Re1+ 43. Kf2 Qf1+ 44. Kg3 Qg1+ 45. Rg2 Qc5 46. Qd2 Rf1 47. Qf4 Re1 48. Qd2 Qg5+ 49. Qxg5 hxg5 50. Kf2 Rb1 51. Ke3 Kf6 52. Kd4 Ke6 53. Kc5 Kd7 54. Kb6 Rd1 55. Rxg5 Rd2 56. Rc5 Rxb2 57. Rxc6 Rf2 58. Rf6 Ke7 59. e5 Rb2 60. f4 Rb3 61. Rc6 Rxa3 62. Kxb5 Ra1 63. Ra6 a3 64. Kc6 a2 65. c4 Rc1 66. Rxa2 Rxc4+ 67. Kd5 Rxf4 68. Ra7+ Kf8 69. e6 fxe6+ 70. Kxe6 Rf1 71. Ke5 g5 72. Ke4 Rf4+ 73. Ke5 Rf2 74. Ke4 Rf6 75. Ra5 Rg6 76. Kf5 Kg7 77. Kg4 Kh6 78. Ra4 Rf6 79. Rb4 Kg6 80. Ra4 Rb6 81. Rc4 Kf6 82. Ra4 1/2-1/2

[Event "7th Cesme Open-B 2019"]
[Site "Cesme"]
[Date "2019.06.25"]
[Round "3"]
[White "Kiray, Tuncer Efe"]
[Black "Kocakaplan, Emre"]
[Result "1/2-1/2"]
[ECO "C42"]
[WhiteElo "1601"]
[BlackElo "1718"]
[Annotator "NA"]
[PlyCount "126"]
[EventDate "2019.06.24"]
[EventType "swiss"]
[EventCountry "TUR"]
[SourceTitle "playchess.com"]
[Source "ChessBase"]
[SourceQuality "1"]
[TimeControl "5400+30"]

1. e4 e5 2. Nf3 Nf6 3. Nxe5 d6 4. Nf3 Nxe4 5. c4 Be7 6. Nc3 Nxc3 7. dxc3 Nc6 8. Bd3 O-O 9. Be3 Ne5 10. Nxe5 dxe5 11. Qc2 f5 12. O-O-O Qe8 13. f3 Qc6 14. Rdf1 Be6 15. g4 e4 16. fxe4 fxg4 17. Qe2 Qa4 18. Kb1 Rad8 19. Rxf8+ Rxf8 20. Rf1 Rd8 21. b3 Qa5 22. Qc2 Qh5 23. Bf4 Qh3 24. Rd1 c6 25. Bg3 Qh6 26. Be2 Rxd1+ 27. Qxd1 Qe3 28. Qd3 Qxd3+ 29. Bxd3 h5 30. b4 h4 31. Bf4 g5 32. Be5 Kf7 33. Kc2 Ke8 34. a3 Kd7 35. c5 b6 36. cxb6 axb6 37. Kd2 Bd6 38. Bxd6 Kxd6 39. Ke3 b5 40. Kd4 Bb3 41. Be2 g3 42. hxg3 hxg3 43. Ke3 Be6 44. Bf1 Bg4 45. Bg2 Ke5 46. Bf1 Bd1 47. Bg2 g4 48. Bf1 Bf3 49. Bd3 g2 50. Kf2 Bxe4 51. Be2 Bf3 52. Bd3 Bd5 53. Bc2 g3+ 54. Kg1 Kf4 55. a4 Ke3 56. a5 Kd2 57. Bf5 c5 58. bxc5 Kxc3 59. c6 Bxc6 60. Be4 Bxe4 61. a6 b4 62. a7 b3 63. a8=Q Bxa8 1/2-1/2

[Event "7th Cesme Open-B 2019"]
[Site "Cesme"]
[Date "2019.06.25"]
[Round "3"]
[White "Tokat, Nehir"]
[Black "Ozcan, Kadir Kutay"]
[Result "1/2-1/2"]
[ECO "A50"]
[WhiteElo "1566"]
[BlackElo "1820"]
[Annotator "NA"]
[PlyCount "84"]
[EventDate "2019.06.24"]
[EventType "swiss"]
[EventCountry "TUR"]
[SourceTitle "playchess.com"]
[Source "ChessBase"]
[SourceQuality "1"]
[TimeControl "5400+30"]

1. d4 c6 2. Nf3 Nf6 3. c4 b5 4. b3 e6 5. e3 bxc4 6. bxc4 d5 7. Bd3 Bd6 8. O-O O-O 9. Nbd2 Nbd7 10. Bb2 Ba6 11. Qc2 c5 12. cxd5 Bxd3 13. Qxd3 exd5 14. dxc5 Nxc5 15. Qf5 Qd7 16. Nh4 Be7 17. Qxd7 Nfxd7 18. Nf5 Bf6 19. Bxf6 Nxf6 20. Rac1 Ne6 21. Nf3 g6 22. Ne7+ Kg7 23. Rfd1 Rfd8 24. Ne5 Rd6 25. Rc6 Rad8 26. Rxd6 Rxd6 27. N7c6 Nd7 28. g3 Nxe5 29. Nxe5 f6 30. Nf3 Kf7 31. Kf1 Ke7 32. Ke2 Ra6 33. Rd2 Nc5 34. Kf1 Kd6 35. Nd4 Rb6 36. Ne2 Ne4 37. Rc2 a5 38. f3 Ng5 39. Nd4 a4 40. Ke2 Ne6 41. Nxe6 Kxe6 42. Kd3 a3 1/2-1/2

[Event "7th Cesme Open-B 2019"]
[Site "Cesme"]
[Date "2019.06.25"]
[Round "3"]
[White "Yalcindag, Hakan"]
[Black "Acar, Cengiz Can"]
[Result "0-1"]
[ECO "B01"]
[WhiteElo "1501"]
[BlackElo "1741"]
[Annotator "NA"]
[PlyCount "50"]
[EventDate "2019.06.24"]
[EventType "swiss"]
[EventCountry "TUR"]
[SourceTitle "playchess.com"]
[Source "ChessBase"]
[SourceQuality "1"]
[TimeControl "5400+30"]

1. e4 d5 2. exd5 Qxd5 3. Nf3 c6 4. d4 Bg4 5. Be2 Nd7 6. O-O e6 7. c4 Qd6 8. Nc3 Ngf6 9. Be3 Qc7 10. Qd2 O-O-O 11. a3 Bxf3 12. Bxf3 Ne5 13. Qe2 Nxf3+ 14. Qxf3 h5 15. Ne4 Nxe4 16. Qxe4 Bd6 17. h3 Qe7 18. Bf4 Qh4 19. g3 Qxh3 20. Bg5 f6 21. Bf4 h4 22. Bxd6 Rxd6 23. g4 f5 24. gxf5 exf5 25. Qe5 Rg6+ 0-1

[Event "7th Cesme Open-B 2019"]
[Site "Cesme"]
[Date "2019.06.26"]
[Round "4"]
[White "Ozcan, Kadir Kutay"]
[Black "Uysal, Ugur"]
[Result "1-0"]
[ECO "B23"]
[WhiteElo "1820"]
[BlackElo "1644"]
[Annotator "NA RC"]
[PlyCount "97"]
[EventDate "2019.06.24"]
[EventType "swiss"]
[EventCountry "TUR"]
[SourceTitle "playchess.com"]
[Source "ChessBase"]
[SourceQuality "1"]
[TimeControl "5400+30"]

1. e4 c5 2. Nc3 e6 3. f4 a6 4. g3 d5 5. Bg2 d4 6. Nce2 h5 7. Nf3 Be7 8. h3 Nf6 9. d3 Nc6 10. O-O Rb8 11. c3 b5 12. cxd4 Nxd4 13. Nexd4 cxd4 14. b3 Bb7 15. Bb2 Bc5 16. Kh2 Rc8 17. Rc1 O-O 18. Qe2 a5 19. Ng5 g6 20. Nf3 Re8 21. Qf2 b4 22. Ne5 Nd7 23. Nf3 Nf6 24. Rfd1 Qb6 25. Bf1 Red8 26. Ne5 Ba6 27. Nc4 Bxc4 28. Rxc4 Ne8 29. e5 Nc7 30. Bg2 Nb5 31. Bc1 Nc3 32. Rf1 Be7 33. Rxc8 Rxc8 34. g4 hxg4 35. hxg4 Qc5 36. Bf3 Nb5 37. Bd2 Kg7 38. Kg2 Rh8 39. Rc1 Nc3 40. Be4 Rh4 41. Qg3 Nxe4 42. dxe4 Qb5 43. Rc4 Rh8 44. f5 Bc5 45. Qf4 exf5 46. gxf5 Qb6 47. e6 Qd6 48. f6+ Kh7 49. Qh4+ 1-0

[Event "7th Cesme Open-B 2019"]
[Site "Cesme"]
[Date "2019.06.26"]
[Round "4"]
[White "Acar, Cengiz Can"]
[Black "Gece, Ugur"]
[Result "1/2-1/2"]
[ECO "A16"]
[WhiteElo "1741"]
[BlackElo "1688"]
[Annotator "NA RC"]
[PlyCount "52"]
[EventDate "2019.06.24"]
[EventType "swiss"]
[EventCountry "TUR"]
[SourceTitle "playchess.com"]
[Source "ChessBase"]
[SourceQuality "1"]
[TimeControl "5400+30"]

1. g3 d5 2. Bg2 Nf6 3. c4 c6 4. cxd5 cxd5 5. Nc3 Nc6 6. d3 Bf5 7. Qb3 Na5 8. Qa4+ Bd7 9. Qd1 e6 10. Nf3 Be7 11. O-O O-O 12. Ne5 Qc7 13. Bf4 Bd6 14. Nxd7 Qxd7 15. Bg5 Be7 16. Rc1 h6 17. Bd2 Nc6 18. a3 Rfc8 19. b4 Nd4 20. Bf4 a5 21. Be5 Nb5 22. Na4 Rxc1 23. Qxc1 Rc8 24. Qb2 Qc6 25. bxa5 Bxa3 26. Qb3 Nd7 1/2-1/2

[Event "7th Cesme Open-B 2019"]
[Site "Cesme"]
[Date "2019.06.26"]
[Round "4"]
[White "Altundal, Arda"]
[Black "Kayis, Gulcan Sena"]
[Result "*"]
[ECO "E70"]
[WhiteElo "1707"]
[BlackElo "1569"]
[Annotator "NA RC"]
[PlyCount "97"]
[EventDate "2019.06.24"]
[EventType "swiss"]
[EventCountry "TUR"]
[SourceTitle "playchess.com"]
[Source "ChessBase"]
[SourceQuality "1"]
[TimeControl "5400+30"]

1. d4 Nf6 2. c4 g6 3. Nc3 Bg7 4. e4 d6 5. Bd3 O-O 6. Nge2 Nbd7 7. O-O e5 8. d5 Nc5 9. Bc2 a5 10. a3 Bd7 11. Be3 Na6 12. h3 Ne8 13. f4 f5 14. exf5 gxf5 15. Rb1 b6 16. b4 axb4 17. axb4 Qe7 18. Qd2 Kh8 19. Ra1 Qd8 20. Rfb1 Nf6 21. Ng3 e4 22. Nge2 Qe8 23. Nd4 Nh5 24. Ncb5 Qg6 25. Ra2 Bc8 26. Rba1 Bb7 27. Ne6 Bxa1 28. Nxf8 Rxf8 29. Rxa1 Rg8 30. Bd1 Nf6 31. Bd4 h6 32. Qb2 Rf8 33. Nxc7 Nxc7 34. Ra7 Ncxd5 35. cxd5 Bxd5 36. Bh5 Qg7 37. Rxg7 Kxg7 38. Bxf6+ Rxf6 39. Qd4 Bf7 40. Bxf7 Kxf7 41. Qxb6 Re6 42. Qc7+ Kg6 43. b5 e3 44. Kf1 d5 45. b6 d4 46. Qc4 Re4 47. Qc6+ Kh5 48. Qxe4 fxe4 49. b7 *

[Event "7th Cesme Open-B 2019"]
[Site "Cesme"]
[Date "2019.06.26"]
[Round "4"]
[White "Simsek, Meltem"]
[Black "Cil, Batuhan"]
[Result "0-1"]
[ECO "A23"]
[WhiteElo "1684"]
[BlackElo "1740"]
[Annotator "NA RC"]
[PlyCount "116"]
[EventDate "2019.06.24"]
[EventType "swiss"]
[EventCountry "TUR"]
[SourceTitle "playchess.com"]
[Source "ChessBase"]
[SourceQuality "1"]
[TimeControl "5400+30"]

1. c4 e5 2. g3 Nf6 3. Nc3 c6 4. Nf3 e4 5. Ng5 d5 6. cxd5 cxd5 7. d3 h6 8. Nh3 Nc6 9. dxe4 d4 10. e5 Nxe5 11. Qa4+ Nc6 12. Nb1 Bb4+ 13. Bd2 Bxd2+ 14. Nxd2 O-O 15. Bg2 Bxh3 16. Bxh3 Re8 17. Bg2 Qe7 18. Bf3 d3 19. e3 b5 20. Qxb5 Nd4 21. Qxd3 Red8 22. Qb1 Rac8 23. Bd1 Qb4 24. exd4 Rxd4 25. O-O Rxd2 26. Bb3 Qd4 27. Qg6 Rc7 28. Rad1 Qxb2 29. Rxd2 Qxd2 30. Qf5 Rc1 31. Rxc1 Qxc1+ 32. Kg2 Qc6+ 33. Qf3 Qe4 34. Qxe4 Nxe4 35. Kf3 Nd2+ 36. Kf4 Kf8 37. h4 Ke7 38. Ke3 Nxb3 39. axb3 a5 40. Kd4 Kd6 41. Kc4 Kc6 42. g4 g5 43. h5 f6 44. f3 Kb6 45. Kd5 Kb5 46. Ke6 Kb4 47. Kxf6 Kxb3 48. Kg6 a4 49. Kxh6 a3 50. Kxg5 a2 51. f4 a1=Q 52. h6 Kc4 53. f5 Kd5 54. Kg6 Qh8 55. h7 Qf8 56. g5 Ke5 57. f6 Ke6 58. Kh5 Ke5 0-1

[Event "7th Cesme Open-B 2019"]
[Site "Cesme"]
[Date "2019.06.26"]
[Round "5"]
[White "Ozcan, Sezer"]
[Black "Ozcan, Kadir Kutay"]
[Result "0-1"]
[ECO "B52"]
[WhiteElo "1781"]
[BlackElo "1820"]
[Annotator "NA"]
[PlyCount "106"]
[EventDate "2019.06.24"]
[EventType "swiss"]
[EventCountry "TUR"]
[SourceTitle "playchess.com"]
[Source "ChessBase"]
[SourceQuality "1"]
[TimeControl "5400+30"]

1. e4 c5 2. Nf3 d6 3. Bb5+ Bd7 4. Bxd7+ Qxd7 5. O-O Nc6 6. c3 Nf6 7. Re1 e6 8. d4 cxd4 9. cxd4 d5 10. e5 Ne4 11. Nbd2 Nxd2 12. Bxd2 Be7 13. Bg5 h6 14. Bxe7 Qxe7 15. Rc1 O-O 16. Re2 Rac8 17. Rec2 Qd7 18. Qd2 Ne7 19. Qa5 Rxc2 20. Rxc2 Rc8 21. Rc3 Rxc3 22. bxc3 b6 23. Qa6 Qc7 24. h3 Nc6 25. Kf1 Na5 26. Qd3 Nc4 27. Nd2 Nxd2+ 28. Qxd2 Qc4+ 29. Ke1 b5 30. f4 a5 31. g4 Kf8 32. h4 b4 33. cxb4 axb4 34. f5 b3 35. axb3 Qxb3 36. Qa5 Qe3+ 37. Kd1 Qxd4+ 38. Kc1 Qc4+ 39. Kb2 Kg8 40. Qd8+ Kh7 41. f6 Qd4+ 42. Kb3 Qxe5 43. g5 hxg5 44. Qf8 Qxf6 45. hxg5 Qf3+ 46. Kb4 Kg6 47. Qc8 Kxg5 48. Qd8+ Kg6 49. Qc7 Qe4+ 50. Ka3 Qd3+ 51. Kb2 d4 52. Qe5 Qf3 53. Kc2 Qf5+ 0-1

[Event "7th Cesme Open-B 2019"]
[Site "Cesme"]
[Date "2019.06.26"]
[Round "5"]
[White "Gece, Ugur"]
[Black "Altundal, Arda"]
[Result "1/2-1/2"]
[ECO "C28"]
[WhiteElo "1688"]
[BlackElo "1707"]
[Annotator "NA"]
[PlyCount "42"]
[EventDate "2019.06.24"]
[EventType "swiss"]
[EventCountry "TUR"]
[SourceTitle "playchess.com"]
[Source "ChessBase"]
[SourceQuality "1"]
[TimeControl "5400+30"]

1. e4 e5 2. Nc3 Nc6 3. Bc4 d6 4. d3 Nf6 5. Nge2 Be7 6. O-O O-O 7. f4 a6 8. a3 b5 9. Ba2 Bb7 10. h3 Nd4 11. Nxd4 exd4 12. Ne2 c5 13. g4 Nd7 14. Ng3 Nb6 15. f5 Kh8 16. g5 Bxg5 17. Qh5 Bxc1 18. Raxc1 Nd7 19. Rf4 Nf6 20. Qg5 h6 21. Qh4 Ng8 1/2-1/2

[Event "7th Cesme Open-B 2019"]
[Site "Cesme"]
[Date "2019.06.26"]
[Round "5"]
[White "Ozen, Metehan"]
[Black "Ergani, Efe"]
[Result "1/2-1/2"]
[ECO "E06"]
[WhiteElo "1687"]
[BlackElo "1748"]
[Annotator "NA"]
[PlyCount "129"]
[EventDate "2019.06.24"]
[EventType "swiss"]
[EventCountry "TUR"]
[SourceTitle "playchess.com"]
[Source "ChessBase"]
[SourceQuality "1"]
[TimeControl "5400+30"]

1. Nf3 Nf6 2. c4 e6 3. g3 d5 4. Bg2 Be7 5. O-O O-O 6. d4 c6 7. Nbd2 b6 8. Qc2 Bb7 9. Rd1 Nbd7 10. b3 c5 11. Bb2 Rc8 12. a4 Qc7 13. Rac1 Qb8 14. Qb1 cxd4 15. Nxd4 Nc5 16. N4f3 dxc4 17. Be5 Qa8 18. Nxc4 Bd5 19. Ne1 Rfd8 20. Bxd5 Rxd5 21. Rxd5 Qxd5 22. Rd1 Qe4 23. Qa2 Qc6 24. Na3 Ng4 25. Bb2 Qe4 26. Bd4 Qf5 27. f3 Ne5 28. Bxe5 Qxe5 29. Nc4 Qc3 30. a5 Nxb3 31. axb6 Bc5+ 32. Kf1 axb6 33. Qa6 Rf8 34. Rd3 Qa1 35. Qxa1 Nxa1 36. Rd1 Ra8 37. Rb1 Ra6 38. Nd3 f6 39. Nxc5 bxc5 40. Rb8+ Kf7 41. Rc8 Nb3 42. Rc7+ Kg6 43. Nb2 Ra1+ 44. Kf2 Rc1 45. Nd3 Rc2 46. Ne1 Rc3 47. Nd3 Kh6 48. Rc6 c4 49. Nb2 Rc2 50. Nxc4 Rxe2+ 51. Kxe2 Nd4+ 52. Kd3 Nxc6 53. Ne3 Kg6 54. f4 h5 55. Kc4 Ne7 56. Kc5 Nf5 57. Nf1 Nh6 58. Kd4 Nf7 59. Ne3 Nd6 60. Kc5 Ne4+ 61. Kd4 Nd2 62. Kd3 Nf3 63. Nf1 Ne1+ 64. Kd2 Nf3+ 65. Ke3 1/2-1/2

[Event "7th Cesme Open-B 2019"]
[Site "Cesme"]
[Date "2019.06.26"]
[Round "5"]
[White "Kiray, Tuncer Efe"]
[Black "Acar, Cengiz Can"]
[Result "0-1"]
[ECO "B01"]
[WhiteElo "1601"]
[BlackElo "1741"]
[Annotator "NA"]
[PlyCount "104"]
[EventDate "2019.06.24"]
[EventType "swiss"]
[EventCountry "TUR"]
[SourceTitle "playchess.com"]
[Source "ChessBase"]
[SourceQuality "1"]
[TimeControl "5400+30"]

1. e4 d5 2. exd5 Qxd5 3. Nc3 Qd6 4. d4 c6 5. Nf3 Bg4 6. Be2 Nd7 7. Be3 Ngf6 8. Qd2 e6 9. O-O-O Qc7 10. h3 Bh5 11. g4 Bg6 12. Nh4 Bb4 13. Nxg6 hxg6 14. Qd3 Qa5 15. Kb1 O-O-O 16. Bd2 Nd5 17. Ne4 Bxd2 18. Nxd2 Nf4 19. Qf3 Nxe2 20. Qxe2 Nf6 21. c3 Nd5 22. Qe5 Qb6 23. Nb3 Rh7 24. h4 Qc7 25. Qg5 Rdh8 26. h5 Qf4 27. Qxf4 Nxf4 28. Nc5 gxh5 29. gxh5 Rxh5 30. Rhg1 g6 31. Nd3 Nxd3 32. Rxd3 Rf5 33. Rg2 Kd7 34. Kc2 Rh1 35. Re3 Ke7 36. a3 Kf6 37. Kd2 g5 38. Kc2 Rf1 39. Re2 Rf4 40. Kd2 Kg6 41. Ke3 Kf5 42. Kd3 f6 43. Kd2 Rf3 44. Kc2 g4 45. Rh2 Kf4 46. Kd2 f5 47. Kc2 Kg5 48. Kb3 Rh3 49. Rg2 Rf3 50. Rh2 Rh3 51. Rg2 f4 52. Rxe6 f3 0-1

[Event "7th Cesme Open-B 2019"]
[Site "Cesme"]
[Date "2019.06.27"]
[Round "6"]
[White "Ozcan, Kadir Kutay"]
[Black "Cil, Batuhan"]
[Result "1/2-1/2"]
[ECO "B78"]
[WhiteElo "1820"]
[BlackElo "1740"]
[Annotator "NA RC"]
[PlyCount "97"]
[EventDate "2019.06.24"]
[EventType "swiss"]
[EventCountry "TUR"]
[SourceTitle "playchess.com"]
[Source "ChessBase"]
[SourceQuality "1"]
[TimeControl "5400+30"]

1. e4 c5 2. Nc3 Nc6 3. Nf3 g6 4. d4 cxd4 5. Nxd4 Bg7 6. Be3 Nf6 7. Bc4 d6 8. f3 Bd7 9. Qd2 Rc8 10. Bb3 O-O 11. O-O-O Na5 12. h4 Nc4 13. Bxc4 Rxc4 14. Nb3 b5 15. Bh6 b4 16. Bxg7 Kxg7 17. Ne2 h5 18. g4 Qc7 19. g5 Nh7 20. Kb1 Rc8 21. Rc1 Nf8 22. Nf4 Be6 23. Nd4 Qc5 24. Ndxe6+ Nxe6 25. Nxe6+ fxe6 26. Rhe1 Qd4 27. Qxd4+ Rxd4 28. Rcd1 Rxd1+ 29. Rxd1 Rf8 30. Rd3 Rf4 31. a3 a5 32. axb4 axb4 33. Rb3 Rxh4 34. Rxb4 Rf4 35. Rb3 h4 36. Re3 h3 37. Re2 Rxf3 38. b4 Rg3 39. Rh2 Kf8 40. Kb2 Ke8 41. Rh1 d5 42. exd5 exd5 43. c3 Kd7 44. Kb3 e5 45. Rh2 d4 46. Kc4 Rxc3+ 47. Kd5 d3 48. Kxe5 Ke7 49. Ke4 1/2-1/2

[Event "7th Cesme Open-B 2019"]
[Site "Cesme"]
[Date "2019.06.27"]
[Round "6"]
[White "Ergani, Efe"]
[Black "Algunerhan, Siar"]
[Result "0-1"]
[ECO "C24"]
[WhiteElo "1748"]
[BlackElo "1770"]
[Annotator "NA RC"]
[PlyCount "100"]
[EventDate "2019.06.24"]
[EventType "swiss"]
[EventCountry "TUR"]
[SourceTitle "playchess.com"]
[Source "ChessBase"]
[SourceQuality "1"]
[TimeControl "5400+30"]

1. e4 e5 2. Bc4 Nf6 3. d4 exd4 4. Nf3 Bb4+ 5. c3 dxc3 6. bxc3 Bc5 7. e5 d5 8. exf6 dxc4 9. Qa4+ Kf8 10. fxg7+ Kxg7 11. O-O Be6 12. Bf4 Nc6 13. Qb5 Qd5 14. Qb2 Rhg8 15. Qd2 Kh8 16. Qxd5 Bxd5 17. Nbd2 Bd6 18. Bxd6 cxd6 19. Rfb1 Ne5 20. Kf1 Nxf3 21. Nxf3 Bxf3 22. gxf3 b6 23. Rd1 Rg6 24. Rd4 Rc8 25. Re1 Rc7 26. Re8+ Kg7 27. Rd8 Rc6 28. Rd7 a6 29. h4 Rf6 30. Ke2 b5 31. Rb7 Kf8 32. Ke3 h5 33. Rb8+ Ke7 34. a3 Kd7 35. Rh8 Rf5 36. f4 d5 37. f3 Kc7 38. Ra8 Re6+ 39. Kf2 Ref6 40. Ke3 Kb6 41. Rd8 Ka5 42. R8xd5 Ka4 43. Rxf5 Rxf5 44. Rd1 Kxa3 45. Ke4 Rf6 46. Ke5 Re6+ 47. Kd5 Kb2 48. f5 Re3 49. Rd2+ Kb3 50. Kc5 Rxf3 0-1